 Dungeon Crawl Stone Soup version 0.28.0-43-g3370ac3207 (webtiles) character file.

Game seed: 7019773175203597651

5869 issech the Basher (level 10, -1/98 HPs)
             Began as a Troll Monk on Apr 2, 2022.
             Slain by a wyvern (5 damage)
             ... on level 9 of the Dungeon.
             The game lasted 00:42:19 (9621 turns).

issech the Basher (Troll Monk)                      Turns: 9621, Time: 00:42:21

Health: -1/98      AC: 16    Str: 21    XL:     10   Next: 52%
Magic:  9/9        EV: 10    Int:  6    God:
Gold:   764        SH:  5    Dex: 16    Spells: 9/9 levels left

rFire   + + .      SeeInvis .   v - +2 flail (vorpal)
rCold   . . .      Faith    .   n - orb {light}
rNeg    + . .      Spirit   .   f - +1 fire dragon scales
rPois   .          Reflect  +   (helmet restricted)
rElec   .          Harm     .   G - +2 cloak
rCorr   .          Rampage  .   (gloves unavailable)
Will    .....                   (boots unavailable)
Stlth   ..........              x - amulet of reflection
HPRegen 1.06/turn               u - ring of positive energy
MPRegen 0.11/turn               K - ring of protection from cold

@: about to teleport, glowing
A: large, unfitting armour, claws 3, regeneration 1, shaggy fur 1, tough skin 1
a: no special abilities


You were on level 9 of the Dungeon.
You visited 2 branches of the dungeon, and saw 10 of its levels.
You also visited: Sewer and Ossuary.

You collected 764 gold pieces.

Inventory:

Hand Weapons
 i - a +0 short sword of draining
 j - a +3 short sword
 v - a +2 vorpal flail (weapon)
 y - a +1 giant club of draining
 H - a +1 great sword
 I - a +2 whip of electrocution
 P - a +0 vorpal shortbow
 R - a +3 quarterstaff of chaos
 T - a +5 falchion of freezing
 U - a +3 hand axe
 V - a +4 battleaxe
 W - a +0 short sword of speed
Missiles
 b - 4 atropa-tipped darts
 c - 427 stones (quivered)
 d - 3 large rocks
 e - 21 bolts
 s - 64 sling bullets
 w - 16 poisoned darts
 A - 93 arrows
 C - 3 boomerangs
Armour
 f - +1 fire dragon scales (worn)
 n - an orb of light (worn)
 G - a +2 cloak (worn)
 S - a +0 cloak
 X - +0 swamp dragon scales
Jewellery
 p - an amulet of the acrobat
 u - a ring of positive energy (left claw)
 x - an amulet of reflection (around neck)
 E - an amulet of magic regeneration
 K - a ring of protection from cold (right claw)
 M - a ring of fire
Wands
 a - a wand of iceblast (7)
 o - a wand of digging (12)
 J - a wand of polymorph (4)
 N - a wand of acid (8)
Scrolls
 h - a scroll of teleportation
 m - 5 scrolls of blinking
 q - a scroll of fog
 z - 3 scrolls of holy word {unknown}
 B - 2 scrolls of enchant weapon
 D - a scroll of amnesia
 L - a scroll of magic mapping
 O - a scroll of fear
Potions
 g - 3 potions of curing {unknown}
 k - a potion of resistance {unknown}
 l - a potion of attraction {unknown}
 r - a potion of flight {unknown}
 t - 2 potions of lignification {unknown}
 F - a potion of might {unknown}
 Q - 2 potions of berserk rage
 Z - a potion of haste {unknown}


   Skills:
 + Level 5.6 Fighting
 + Level 9.8 Maces & Flails
 + Level 2.4 Throwing
 + Level 5.6 Armour
 + Level 5.4 Dodging
 + Level 1.4 Stealth
 + Level 3.3 Shields


You had 9 spell levels left.
You didn't know any spells.
Your spell library contained the following spells:

 Spells                   Type           Power      Damage    Failure   Level
 Pain                     Necr           0%         1d4       83%         1
 Shock                    Conj/Air       0%         1d3       83%         1
 Slow                     Hex            0%         N/A       83%         1
 Summon Small Mammal      Summ           0%         N/A       83%         1
 Call Canine Familiar     Summ           0%         N/A       99%         3
 Confusing Touch          Hex            0%         N/A       99%         3
 Portal Projectile        Hex/Tloc       0%         N/A       99%         3
 Summon Guardian Golem    Hex/Summ       0%         N/A       99%         3
 Swiftness                Air            0%         N/A       99%         3
 Vampiric Draining        Necr           0%         2d6       99%         3
 Airstrike                Air            0%         N/A       100%        4
 Animate Dead             Necr           0%         N/A       100%        4
 Hailstorm                Conj/Ice       0%         3d3       100%        4
 Agony                    Necr           0%         N/A       100%        5
 Excruciating Wounds      Necr           0%         N/A       100%        5
 Borgnjor's Revivificati  Necr           0%         N/A       100%        8
 Polar Vortex             Ice            0%         N/A       100%        9


Dungeon Overview and Level Annotations

Branches:
Dungeon (9/15)             Temple (1/1) D:7           Sewer (visited)
Ossuary (visited)
   Lair: D:8-11         Orc: D:9-12

Altars:
Ashenzari
Cheibriados
Dithmenos
Elyvilon
Fedhas
Kikubaaqudgha
Makhleb
Nemelex Xobeh
Okawaru
Qazlal
Ru
Sif Muna
Uskayaw
Vehumet
Xom
Yredelemnul
Zin
The Shining One
Lugonu

Shops:
D:6 !

Portals:
Abyss: D:9

Annotations:
D:9 Joseph


Innate Abilities, Weirdness & Mutations

You are too large for most types of armour.
You have claws for hands.
Your natural rate of healing is unusually fast.
You are covered in fur. (AC +1)
You have tough skin. (AC +1)


Message History

Found a corrupted altar of Lugonu.
A howler monkey zombie comes into view.
Found a falchion.
A lurking horror and a wyvern come into view.
Found 13 gold pieces.
The wyvern hisses angrily.
Joseph, a Mercenary comes into view.
He is wielding a +0 quarterstaff.
Joseph shouts!
Joseph unwields a +0 quarterstaff.
Joseph wields a +0 hunting sling.
Joseph shoots a sling bullet.
The sling bullet hits you. The wyvern bites you!
The wyvern hisses menacingly.
The wyvern closely misses you. The wyvern completely misses you.
The wyvern closely misses you.
Your body is wracked with pain!
The wyvern bites you!
* * * LOW HITPOINT WARNING * * *
You sock the wyvern!
The wyvern is moderately wounded.
The wyvern bites you.
* * * LOW HITPOINT WARNING * * *
The wyvern misses you.
You hit the wyvern.
The wyvern is heavily wounded.
The wyvern bites you but does no damage.
You hit the wyvern but do no damage.
The wyvern is heavily wounded.
The wyvern bites you!
* * * LOW HITPOINT WARNING * * *
Found a glowing rapier.
The wyvern bites you.
* * * LOW HITPOINT WARNING * * *
Found a scroll labelled FOIDYI FITO.
The wyvern bites you but does no damage.
Found 10 arrows.
The wyvern bites you.
* * * LOW HITPOINT WARNING * * *
As you read the scroll of teleportation, it crumbles to dust.
You feel strangely unstable.
The wyvern hisses menacingly.
The wyvern bites you.
* * * LOW HITPOINT WARNING * * *
The wyvern bites you.
You die...

#.#.....#.##...#......
#....#.....##..#......
#)#...##.......#......
#....#..##..####......
#.)...#.§....# #......
..##.§∩##.#.###......
###.#....#.#..########
#.)..##.#.##..# ... #
#....@lZ@.....# .... #
#....#+#####.##..... #
#.?................. #
#................... #
####..$.........#### #
#..^..)......# #
#(...........# #
####..###@#### # ##.
#.#


You could see Joseph, a wyvern and a howler monkey zombie.

Vanquished Creatures
  Pikel (D:6)
  Maggie (D:9)
  A troll (D:9)
  Sigmund (D:5)
  A wyvern (D:7)
  Eustachio (D:5)
  5 yaks
  A steam dragon (D:8)
  A water moccasin (Sewer)
  2 orc warriors
  A sky beast (D:5)
  A necrophage (D:5)
  A black bear (D:3)
  An ice beast (D:6)
  3 ogres
  3 centaurs
  A lemure (D:5)
  2 phantoms (D:5)
  An elf zombie (Ossuary)
  A bullfrog (D:6)
  A gnoll sergeant (D:8)
  A scorpion (D:7)
  13 wights
  5 electric eels (D:8)
  3 howler monkeys (D:7)
  2 centaur zombies
  2 human zombies (Ossuary)
  A bullfrog skeleton (D:5)
  Crazy Yiuf (D:6)
  5 orc priests
  A hound (D:3)
  2 jellies
  5 iguanas
  7 orc wizards
  Natasha (thrice) (D:3)
  A killer bee zombie (D:6)
  2 mummies (Ossuary)
  8 gnolls
  10 adders
  4 river rats (D:6)
  A shadow imp (D:7)
  A white imp (D:5)
  An ufetubus (D:6)
  4 worms
  5 dart slugs
  29 orcs
  6 ball pythons
  4 endoplasms
  4 giant cockroaches
  5 gnoll zombies (Ossuary)
  11 goblins
  5 hobgoblins
  3 jackals
  8 kobolds
  7 quokkas
  8 bats
  13 frilled lizards
  2 giant cockroach zombies (D:3)
  A goblin zombie (Ossuary)
  2 hobgoblin zombies (Ossuary)
  3 orc zombies (Ossuary)
  6 rats
236 creatures vanquished.

Vanquished Creatures (others)
  A fungus (D:1)
  2 lurking horrors (D:9)
  21 plants
24 creatures vanquished.

Grand Total: 260 creatures vanquished

Notes
Turn   | Place    | Note
-------+----------+-------------------------------------------
     0 | D:1      | issech the Troll Monk began the quest for the Orb.
     0 | D:1      | Reached XP level 1. HP: 22/22 MP: 0/0
   173 | D:1      | Reached XP level 2. HP: 29/29 MP: 1/1
   829 | D:1      | Found a faded altar of an unknown god.
  1044 | D:2      | Reached XP level 3. HP: 36/36 MP: 2/2
  1107 | D:2      | Reached skill level 3 in Maces & Flails
  1281 | D:2      | Reached XP level 4. HP: 44/44 MP: 3/3
  1764 | D:3      | Noticed Natasha
  1768 | D:3      | Killed Natasha
  1905 | D:3      | Reached skill level 1 in Armour
  2097 | D:3      | Reached XP level 5. HP: 52/52 MP: 4/4
  2100 | D:3      | Found a shimmering altar of Xom.
  2460 | D:3      | Noticed Natasha
  2470 | D:3      | Killed Natasha
  2471 | D:3      | Reached skill level 4 in Maces & Flails
  2566 | D:3      | Found a basalt altar of Yredelemnul.
  2799 | D:3      | Noticed Natasha
  2809 | D:3      | Killed Natasha
  2846 | D:4      | Noticed a black bear
  2930 | D:3      | Killed a black bear
  2931 | D:3      | Reached XP level 6. HP: 53/61 MP: 5/5
  3216 | D:4      | Reached skill level 5 in Maces & Flails
  3328 | D:4      | Reached XP level 7. HP: 49/67 MP: 6/6
  3346 | D:4      | Got Sif Muna's Compendium of Dark Bewitchment
  3773 | D:5      | Entered Level 5 of the Dungeon
  3838 | D:5      | Noticed Sigmund
  3858 | D:5      | Killed Sigmund
  3859 | D:5      | Reached skill level 6 in Maces & Flails
  3859 | D:5      | Reached skill level 1 in Throwing
  3882 | D:5      | Found a stormy altar of Qazlal.
  4021 | D:5      | Reached XP level 8. HP: 78/78 MP: 7/7
  4092 | D:5      | Found a blossoming altar of Fedhas.
  4461 | D:6      | Got the Almanac of Cold and the Birds
  4535 | D:6      | Noticed Eustachio
  4544 | D:6      | Noticed Pikel
  4560 | D:5      | Killed Eustachio
  4609 | D:6      | Killed Pikel
  4610 | D:6      | Reached skill level 7 in Maces & Flails
  4610 | D:6      | Reached skill level 1 in Shields
  4701 | D:5      | Reached XP level 9. HP: 85/85 MP: 8/8
  4975 | D:6      | Found a glowing drain.
  4984 | Sewer    | Entered a sewer
  5205 | D:6      | Reached skill level 8 in Maces & Flails
  5328 | D:6      | Found Okhathru's Distillery.
  5333 | D:6      | Reached skill level 5 in Dodging
  5468 | D:6      | Found a runed translucent door.
  5759 | D:6      | Noticed Crazy Yiuf
  5764 | D:6      | Killed Crazy Yiuf
  5910 | D:7      | Found a sand-covered staircase.
  5915 | Ossuary  | Entered an ossuary
  5975 | Ossuary  | Reached skill level 5 in Fighting
  6341 | D:7      | Reached skill level 9 in Maces & Flails
  6363 | D:7      | Found a staircase to the Ecumenical Temple.
  6385 | Temple   | Entered the Ecumenical Temple
  7046 | D:8      | Reached XP level 10. HP: 62/96 MP: 9/9
  8174 | D:8      | Reached skill level 5 in Armour
  8596 | D:8      | Found a shimmering blue altar of Sif Muna.
  9339 | D:9      | Noticed Maggie
  9375 | D:9      | Killed Maggie
  9595 | D:9      | Found a one-way gate to the infinite horrors of the Abyss.
  9598 | D:9      | Found a corrupted altar of Lugonu.
  9608 | D:9      | Noticed Joseph
  9621 | D:9      | HP: 4/98 [wyvern (2)]
  9621 | D:9      | Slain by a wyvern

Illustrated notes

Levels and vault maps discovered:
D:1:      dpeg_arrival_lava_temple_mockup, layout_basic,
          shapermc_ecumenical_altar_mp_urbaneastern, solitary_fountain
D:2:      layout_basic, kennysheep_crisscross, minmay_pentomino_o2
D:3:      layout_loops_corners, xom_confusion_cloud,
          lemuel_zombie_altar_yredelemnul, minmay_misc_feat_hallway,
          minmay_close_crescents, uniq_natasha
D:4:      layout_rooms
D:5:      layout_cave_pools, grunt_qazlal_clouds, mainiacjoe_overflow_boulevard,
          grunt_ministairs_14, minmay_lizard_king, uniq_sigmund
D:6:      layout_cave_pools, serial_shops, shop_statue,
          lightli_sewer_entry_pipes, uniq_pikel, uniq_crazy_yiuf_cottage,
          uniq_eustachio
D:7:      layout_basic, minmay_temple_entry_drinking_statues,
          nicolae_ossuary_entry_plus, st_stairs_5,
          hangedman_decor_diamond_cutter
D:8:      layout_basic, general_overflow_altar, corexii_hall_statues_l,
          chequers_big_river
D:9:      layout_basic, amcnicky_altar_lugonu_corruption, uniq_maggie,
          uniq_joseph, uniq_maurice
Temple:   cyrus_circular_temple

Skill      XL: |  1  2  3  4  5  6  7  8  9 10 |
---------------+-------------------------------+-----
Maces & Flails | 3 4 5 6 7 9 |  9.8
Armour         | 1 2 3 4 5 |  5.6
Fighting       | 3 4 5 |  5.6
Dodging        | 3 4 5 |  5.4
Throwing       | 1 2 |  2.4
Shields        | 1 2 3 |  3.3
Stealth        | |  1.4

Action                   |  1- 3 |  4- 6 |  7- 9 | 10-12 || total
-------------------------+-------+-------+-------+-------++-------
Melee: Mace              |   101 |   177 |       |       ||   278
       Punch             |     1 |     3 |       |       ||     4
       Short sword       |       |     1 |       |       ||     1
       Giant club        |       |    35 |   389 |       ||   424
       Flail             |       |       |    21 |   105 ||   126
Throw: Stone             |    27 |     3 |    57 |    10 ||    97
       Large rock        |       |       |     7 |       ||     7
       Dart              |       |       |     1 |       ||     1
       Boomerang         |       |       |       |    15 ||    15
  Use: Scroll            |       |       |    10 |     4 ||    14
Armor: Fire dragon scale |    58 |   181 |   340 |    40 ||   619
Dodge: Dodged            |    49 |   152 |   293 |    51 ||   545
Block: Other             |       |       |   162 |       ||   162
       Orb               |       |       |     5 |    25 ||    30
       Reflection        |       |       |     1 |     3 ||     4
